 Dungeon Crawl Stone Soup version 0.31-a0-222-gefeffbb62a (webtiles) character file.

Game seed: 11249803013684594249

197 qw the Shooter (level 5, -1/30 HPs)
             Began as a Gargoyle Hexslinger on July 5, 2023.
             Slain by an adder (2 damage)
             ... on level 4 of the Dungeon.
             The game lasted 00:00:46 (1613 turns).

qw the Shooter (Gargoyle Hexslinger)                Turns: 1613, Time: 00:00:47

Health: -1/30      AC:  9    Str: 12    XL:     5   Next: 75%
Magic:  6/6        EV: 15    Int: 13    God:
Gold:   112        SH:  0    Dex: 14    Spells: 5/6 levels left

rFire   . . .        Y - +2 sling (drain)
rCold   . . .        (no shield)
rNeg    + . .        b - +0 ring mail
rPois   inf          (no helmet)
rElec   +            (no cloak)
rCorr   .            (no gloves)
SInv    +            (no boots)
Will    .....        (no amulet)
Stlth   +            h - +5 ring of evasion
HPRegen 0.25/turn    i - ring of see invisible
MPRegen 0.10/turn

%: no passive effects
@: no status effects
A: sickness immunity, AC +4, negative energy resistance 1, electricity
resistance, torment resistance 1, petrification resistance
a: no special abilities


You were on level 4 of the Dungeon.
You visited 1 branch of the dungeon, and saw 4 of its levels.

You collected 112 gold pieces.


Innate Abilities, Weirdness & Mutations

You are immune to sickness and miasma.
Your stone body is resilient. (AC +4)
You are immune to poison.
You resist negative energy. (rN+)
You are resistant to electric shocks. (rElec)
You are resistant to unholy torment.
You are immune to petrification.


   Skills:
 - Level 2.0 Fighting
 + Level 4.3 Ranged Weapons
 - Level 3.4 Armour
 - Level 1.5 Dodging
 - Level 1.0 Spellcasting
 - Level 2.6 Hexes


You had 5 spell levels left.
You knew the following spells:

 Your Spells              Type           Power      Damage    Failure   Level
a - Slow                  Hex            28%        N/A       21%         1

Your spell library contained the following spells:

 Spells                   Type           Power      Damage    Failure   Level
 Inner Flame              Hex/Fire       4%         N/A       71%         3
 Portal Projectile        Hex/Tloc       8%         N/A       71%         3
 Cause Fear               Hex            3%         N/A       89%         4

Inventory:

Hand Weapons
 Y - a +2 sling of draining (weapon)
Armour
 b - a +0 ring mail (worn)
Jewellery
 h - a +5 ring of evasion (left hand)
 i - a ring of see invisible (right hand)
Scrolls
 a - a scroll of teleportation
Potions
 d - a potion of degeneration {unknown}
 e - a potion of curing
 f - a potion of enlightenment {unknown}

Dungeon Overview and Level Annotations

Branches:
Dungeon (3/15)

Altars:

Annotations:
D:4 Pikel


Message History

You shoot a sling bullet. The sling bullet closely misses Pikel.
The sling bullet hits the orc.
You drain the orc.
You kill the orc!
The hound misses you. The adder barely misses you.
Pikel hits you with a +0 whip of flaming.
Pikel burns you.
A lemure comes into view.
The adder barely misses you. The hound bites you.
You shoot a sling bullet. The sling bullet hits Pikel.
Pikel is lightly wounded.
The hound barely misses you. The adder bites you but does no damage.
Pikel barely misses you.
An orc wizard comes into view. It is wielding a +1 dagger of venom.
The hound closely misses you. The adder closely misses you.
You shoot a sling bullet. The sling bullet hits Pikel.
Pikel is lightly wounded.
Pikel closely misses you.
The orc wizard gestures wildly while chanting.
The orc wizard flickers and vanishes for a moment.
The hound misses you. The adder bites you. The hound closely misses you.
Pikel completely misses you. The lemure closely misses you.
You shoot a sling bullet. The sling bullet barely misses Pikel.
The sling bullet barely misses the orc wizard.
The adder bites you but does no damage. The hound closely misses you.
Pikel closely misses you.
An orc priest comes into view. It is wielding a +0 short sword.
The lemure hits you. The adder misses you.
You shoot a sling bullet. The sling bullet hits Pikel.
You drain Pikel.
Pikel is moderately wounded.
The adder closely misses you. Pikel misses you.
The lemure hits you but does no damage. The adder bites you but does no damage.
The hound stops to sniff the ground.
You shoot a sling bullet.
The sling bullet hits Pikel but does no damage.
Pikel is moderately wounded.
Pikel closely misses you.
The orc priest calls down the wrath of Beogh upon you.
Beogh smites you! The lemure hits you but does no damage.
The lemure completely misses you. The adder bites you.
You die... .?. ..# . ..## ..### #.. ...##5h ooo5##

##..
#K5S#...#
#@5..#
#.##.# #.#
#.## #
#..### .#
##...# .#
###.##%#
#####....#
#.......##


You could see Pikel (drained), 4 lemures, a hound, an orc priest, an orc wizard
(invisible), an adder and an orc.

Vanquished Creatures
  A water moccasin (D:3)
  3 adders (D:2)
  2 dart slugs
  An orc (D:4)
  4 ball pythons
  7 bats
  8 endoplasms
  4 giant cockroaches
  4 goblins
  2 hobgoblins
  2 jackals (D:1)
  4 quokkas
  4 frilled lizards
  2 kobolds
  9 rats
57 creatures vanquished.

Notes
Turn   | Place    | Note
-------+----------+-------------------------------------------
     0 | D:1      | qw the Gargoyle Hexslinger began the quest for the Orb.
     0 | D:1      | Reached XP level 1. HP: 12/12 MP: 2/2
     0 | D:1      | 0 ||| qw: Version: 0.3-a-46-gb1f654a
     0 | D:1      | 0 ||| qw: Game counter: 1041
     0 | D:1      | 0 ||| qw: Melee chars always use a shield: true
     0 | D:1      | 0 ||| qw: God list: Okawaru
     0 | D:1      | 0 ||| qw: Allow faded altars: false
     0 | D:1      | 0 ||| qw: Do Orc after clearing Dungeon:15 true
     0 | D:1      | 0 ||| qw: Do second Lair branch before Depths: true
     0 | D:1      | 0 ||| qw: Lair rune preference: random
     0 | D:1      | 0 ||| qw: Goals: Normal
     0 | D:1      | 0 ||| PLANNING D:1-11
    88 | D:1      | Reached XP level 2. HP: 8/16 MP: 3/3
    91 | D:1      | HP: 4/16 [rat (1)]
    91 | D:1      | HP: 1/16 [dart slug/slug dart (3)]
   240 | D:1      | Reached skill level 3 in Ranged Weapons
   533 | D:1      | Reached XP level 3. HP: 21/21 MP: 4/4
   620 | D:1      | Found a faded altar of an unknown god.
   800 | D:1      | 800 ||| UPGRADING to +5 ring of evasion.
   801 | D:1      | 801 ||| UPGRADING to ring of see invisible.
   802 | D:1      | 802 ||| DRINKING 2 purple potions.
   803 | D:1      | 803 ||| DROPPING scroll of poison.
   804 | D:1      | 804 ||| DROPPING potion of magic.
  1130 | D:2      | Reached XP level 4. HP: 26/26 MP: 5/5
  1174 | D:2      | Reached skill level 4 in Ranged Weapons
  1491 | D:2      | 1491 ||| UPGRADING to +0 ring mail.
  1501 | D:2      | 1501 ||| DROPPING +0 robe.
  1502 | D:2      | 1502 ||| READING scroll labelled JIUNEL ZEZEBRI.
  1503 | D:2      | 1503 ||| READING scroll labelled VILUAZXI TEOGE.
  1504 | D:2      | 1504 ||| READING scroll labelled ZAAWNEDGH TEURR.
  1505 | D:2      | 1505 ||| READING scroll labelled LISUDA UQAPP.
  1506 | D:2      | 1506 ||| READING scroll labelled MIAMYS UTIPO.
  1511 | D:2      | 1511 ||| DRINKING 2 lumpy sapphire potions.
  1526 | D:3      | Noticed a water moccasin
  1541 | D:3      | Killed a water moccasin
  1542 | D:3      | Reached skill level 3 in Armour
  1542 | D:3      | Reached XP level 5. HP: 21/30 MP: 6/6
  1584 | D:3      | You fall into a shaft and drop 1 floor!
  1585 | D:4      | 1585 ||| PLANNING SEWER
  1601 | D:4      | Noticed Pikel
  1603 | D:4      | Noticed a lemure
  1605 | D:4      | Noticed a lemure
  1606 | D:4      | Noticed a lemure
  1608 | D:4      | Noticed a lemure
  1613 | D:4      | HP: 1/30 [orc priest/divine providence (14)]
  1613 | D:4      | Slain by an adder

Levels and vault maps discovered:
D:1:      mrwooster_arrival_statue, layout_basic,
          ebering_ecumenical_altar_petrified
D:2:      layout_basic
D:3:      layout_loops_ring, minmay_rat_hole
D:4:      layout_rooms, gup_sewer_entry_bubbles, lexackson_kobold_supper,
          uniq_pikel

Skill      XL: |  1  2  3  4 |
---------------+-------------+-----
Ranged Weapons | 3 4 |  4.3
Fighting       | 2 |  2.0
Armour         | 3 |  3.4
Dodging        | |  1.5
Spellcasting   | |  1.0
Hexes          | |  2.6

Action                     |  1- 3 |  4- 6 || total
---------------------------+-------+-------++-------
   Fire: Sling             |   112 |    79 ||   191
    Use: Potion            |     1 |     1 ||     2
         Scroll            |       |     5 ||     5
 Armour: Robe              |    15 |     4 ||    19
         Ring mail         |       |    16 ||    16
  Dodge: Dodged            |    47 |    58 ||   105

Table legend:
 A = Non-vault XP
 B = Vault XP
 C = Vault XP percentage of total XP
 D = Non-vault monster count
 E = Vault monster count
 F = Vault count percentage of total count
                 A         B        C        D         E       F
            +---------+---------+-------+---------+---------+-------
      Total |     282 |       0 |   0.0 |      57 |       0 |   0.0
            +---------+---------+-------+---------+---------+-------
        D:1 |      45 |       0 |   0.0 |      28 |       0 |   0.0
        D:2 |      78 |       0 |   0.0 |      24 |       0 |   0.0
        D:3 |     152 |       0 |   0.0 |       2 |       0 |   0.0
        D:4 |       7 |       0 |   0.0 |       3 |       0 |   0.0
            +---------+---------+-------+---------+---------+-------
